Map: Nightscape LE

Players

Massa

  • Race: Terran Terran
  • League: Platinum
  • Spawn Location: 1:00

qqq

  • Race: Terran Terran
  • Spawn Location: 1:00

Leczez - Winner!

  • Race: Zerg Zerg
  • League: Platinum
  • Spawn Location: 7:00

Dannie - Winner!

  • Race: Zerg Zerg
  • League: Diamond
  • Spawn Location: 7:00

VOD

Have the link to the VOD?

Description

Time

  • Played on: Nov. 9, 2020, 3:43 p.m.
  • Length: 14:43
Show
View Real Time Build Order
Export as new Build Order

Massa Terran 

Build Orders: Gas First Reaper Expand 

Get SALT Encoding   

  12  0:00  SCV  
  13  0:12  SCV  
  14  0:22  Supply Depot  
  14  0:24  SCV  
  15  0:31  Refinery  
  15  0:44  SCV  
  15  0:47  Barracks  
  16  0:56  SCV  
  17  1:08  SCV  
  18  1:20  SCV  
  19  1:34  Reaper  
  19  1:35  Orbital Command  
  20  1:48  Command Center  
  20  2:01  SCV  
  21  2:17  Factory  
  21  2:18  Marine, Supply Depot  
  21  2:21  SCV  
  23  2:40  SCV  
  24  2:50  Marine  
  25  3:05  Factory Tech Lab  
  25  3:09  Barracks Reactor  
  25  3:17  Orbital Command  
  25  3:18  SCV  
  26  3:22  Barracks  
  26  3:23  Barracks  
  26  3:27  Command Center  
  26  3:30  SCV  
  26  3:31  Starport  
  27  3:34  Refinery  
  27  3:41  Siege Tank  
  27  3:45  Marine x2  
  32  3:54  SCV x2  
  34  4:03  Marine x2  
  34  4:06  SCV  
  37  4:23  Siege Tank  
  39  4:30  Marine x2  
  41  4:35  Barracks Tech Lab  
  41  4:36  Barracks Tech Lab  
  41  4:38  SCV x2  
  43  4:43  Medivac  
  45  4:47  Orbital Command  
  45  4:48  Marine x2  
  45  4:49  Engineering Bay  
  45  4:50  SCV x2  
  49  4:55  Supply Depot  
  49  4:59  Refinery  
  49  5:01  Refinery  
  49  5:02  SCV x2  
  49  5:05  Stimpack  
  51  5:14  SCV  
  51  5:16  SCV x2  
  51  5:21  Combat Shield  
  54  5:26  SCV, Missile Turret  
  54  5:28  SCV x2  
  57  5:35  Missile Turret  
  57  5:36  Missile Turret  
  57  5:47  Medivac  
  57  5:48  Missile Turret  
  63  5:50  Marauder x2, Marine x2  
  65  6:03  Orbital Command  
  65  6:08  Marine x2  
  65  6:09  SCV x2  
  69  6:19  Supply Depot  
  69  6:22  Supply Depot  
  69  6:25  Supply Depot  
  69  6:30  SCV  
  69  6:32  SCV  
  69  6:38  Missile Turret  
  68  6:40  Marauder  
  68  6:41  Marauder  
  68  6:42  SCV  
  68  6:44  SCV  
  72  6:55  Orbital Command  
  72  7:07  Missile Turret  
  72  7:09  Missile Turret  
  72  7:23  SCV x3  
  72  7:28  Missile Turret  
  72  7:29  Missile Turret  
  75  7:33  Missile Turret  
  75  7:34  Medivac  
  75  7:35  SCV x2  
  75  7:36  Terran Infantry Weapons Level 1  
  79  7:37  SCV  
  80  7:47  SCV x2  
  80  7:48  Siege Tank  
  80  7:49  SCV  
  80  7:50  Marauder x2, Marine x2  
  92  7:55  Missile Turret  
  92  7:59  SCV  
  92  8:00  SCV  
  92  8:04  Medivac  
  93  8:09  Missile Turret  
  93  8:15  Missile Turret  
  93  8:20  Missile Turret  
  93  8:22  Missile Turret  
  93  8:27  Supply Depot  
  93  8:28  Supply Depot  
  93  8:32  Barracks  
  93  8:33  Barracks  
  93  8:34  Barracks x2  
  93  8:41  Concussive Shells  
  93  8:46  Refinery  
  93  8:47  Refinery  
  93  8:48  SCV x2, Marine x2  
  93  8:49  Marauder x2  
  93  8:50  SCV  
  93  8:52  Supply Depot  
  93  8:53  Supply Depot  
  102  8:56  Viking  
  102  8:59  Siege Tank  
  102  9:00  SCV  
  108  9:06  Marine  
  109  9:13  Marauder x2, Marine  
  114  9:18  Supply Depot  
  114  9:22  Barracks  
  114  9:24  Marine  
  96  9:32  Barracks Tech Lab  
  96  9:33  Barracks Reactor x2, Barracks Tech Lab  
  96  9:34  Marine  
  96  9:35  Marauder x2  
  101  9:40  Siege Tank  
  101  9:41  Marine  
  101  9:44  Starport Reactor  
  105  9:51  Marine  
  106  9:56  Marauder x2  
  106  9:59  Marine  
  109  10:01  Missile Turret  
  109  10:12  Siege Tank  
  111  10:18  Marauder x2  
  111  10:20  Missile Turret  
  115  10:23  Marauder x2, Marine x5  
  115  10:24  Marine  
  125  10:29  Medivac x2  
  129  10:38  Marine  
  129  10:39  Marauder  
  129  10:40  Engineering Bay  
  129  10:41  Marine  
  133  10:42  Armory  
  133  10:45  Armory  
  133  10:46  Barracks Tech Lab  
  133  11:04  Marine x7, Medivac x2  
  133  11:05  Marine, Siege Tank  
  133  11:06  Marauder  
  133  11:19  Terran Infantry Armor Level 1  
  133  11:26  Supply Depot  
  133  11:27  Supply Depot  
  133  11:47  Marine x4, Medivac  
  133  11:48  Marauder, Marine, Siege Tank  
  133  11:49  Marauder x2  
  149  12:03  Supply Depot  
  149  12:05  Supply Depot x2  
  149  12:24  Marine x2, Medivac  
  149  12:25  Marauder x2  
  149  12:26  Marauder x2, Marine x2, Siege Tank  
  149  12:27  Marauder  
  168  12:35  Terran Vehicle And Ship Armor Level 1, Terran Vehicle Weapons Level 1  
  168  12:37  Supply Depot x2  
  168  12:39  Supply Depot x2  
  168  12:46  Marauder  
  168  12:48  Marauder  
  140  12:56  Marauder x3, Marine  
  140  12:57  Marine x4  
  143  12:58  Siege Tank  
  143  13:00  Supply Depot  
  143  13:02  Supply Depot  
  146  13:08  Marauder  
  146  13:09  Marauder  
  147  13:18  Marauder  
  138  13:30  Marauder, Marine  
  138  13:31  Marauder x2  
  138  13:33  Siege Tank  
  111  13:34  Marauder, Marine  
  111  13:35  Marine  
  111  13:39  Marauder  
  105  13:52  Marauder  
  107  14:05  Siege Tank  
  107  14:06  Command Center  
  110  14:18  Marauder  
  110  14:19  Marauder x4, Marine x3  
  110  14:20  Marine x3  
Show
View Real Time Build Order
Export as new Build Order

qqq Terran 

Build Orders: Reaper Expand 

Get SALT Encoding   

  12  0:01  SCV  
  13  0:13  SCV  
  14  0:25  SCV  
  15  0:37  Supply Depot  
  15  0:50  Refinery  
  15  1:07  Command Center  
  15  1:15  Barracks  
  15  1:21  SCV  
  16  1:33  SCV  
  17  1:45  SCV  
  18  1:57  SCV  
  19  2:04  Supply Depot  
  19  2:05  Reaper  
  20  2:10  SCV  
  20  2:15  Refinery  
  21  2:22  SCV  
  22  2:26  SCV  
  24  2:37  Reaper  
  24  2:41  Orbital Command  
  24  2:48  Factory  
  24  2:59  Supply Depot  
  24  3:04  SCV  
  25  3:16  SCV  
  26  3:28  SCV  
  27  3:38  Barracks Reactor  
  27  3:39  SCV  
  27  3:40  SCV, Supply Depot  
  29  3:42  Factory Tech Lab  
  29  3:51  SCV  
  29  3:53  SCV  
  34  4:02  Siege Tank  
  34  4:03  SCV  
  34  4:04  Starport  
  34  4:05  SCV  
  36  4:15  SCV  
  37  4:17  Barracks  
  37  4:21  Orbital Command  
  37  4:28  SCV  
  38  4:35  Widow Mine  
  38  4:38  Marine x2  
  41  4:40  SCV  
  43  4:47  Engineering Bay  
  43  4:52  SCV  
  44  4:55  Starport Reactor, Marine  
  44  4:56  Widow Mine  
  47  5:19  SCV x2  
  49  5:24  Barracks Tech Lab  
  49  5:28  Refinery  
  49  5:29  Refinery  
  49  5:30  Marine  
  49  5:31  SCV x2, Marine  
  53  5:36  Siege Tank  
  53  5:38  Medivac  
  53  5:39  Medivac  
  60  5:43  SCV x2  
  62  5:55  Marine  
  62  5:56  Supply Depot  
  62  6:02  SCV x2, Marine  
  65  6:07  Supply Depot  
  65  6:08  Siege Tank  
  68  6:13  Marine  
  69  6:19  Supply Depot  
  69  6:20  Viking  
  71  6:28  Stimpack  
  71  6:37  Missile Turret  
  71  6:39  Missile Turret  
  74  7:00  Widow Mine  
  73  7:08  Marauder, Marine x2  
  81  7:14  SCV x2  
  85  7:21  Widow Mine  
  87  7:26  SCV, Marine x2  
  87  7:29  Marauder  
  92  7:36  Factory  
  92  7:43  Widow Mine  
  92  7:44  Armory, Marine x2  
  88  7:51  Marauder  
  92  8:02  Marine x2, Terran Infantry Weapons Level 1  
  94  8:06  Command Center  
  94  8:08  Combat Shield  
  94  8:21  Supply Depot  
  94  8:29  Widow Mine, Marine x3  
  99  8:38  Factory Reactor  
  99  8:43  Drilling Claws  
  99  8:46  Marine x3  
  102  8:51  Widow Mine  
  77  9:04  Marine x3  
  70  9:12  Widow Mine  
  72  9:28  Widow Mine x2  
  73  9:32  Terran Vehicle And Ship Armor Level 1  
  73  9:33  Widow Mine  
  75  9:49  Widow Mine x2  
  79  9:54  Command Center  
  79  9:55  Widow Mine  
  81  10:08  Missile Turret x2  
  81  10:10  Widow Mine x2, Missile Turret  
  85  10:16  Widow Mine  
  87  10:29  Command Center  
  87  10:32  Widow Mine x2  
  87  10:33  Sensor Tower  
  87  10:35  Marine x3  
  92  10:37  Widow Mine  
  84  10:53  Widow Mine x2, Marine x3  
  86  10:59  Widow Mine  
  84  11:11  Marine x3  
  85  11:14  Widow Mine  
  85  11:15  Widow Mine, Command Center  
  91  11:20  Widow Mine  
  93  11:26  SCV, Terran Vehicle Weapons Level 1  
  93  11:28  Marine  
  93  11:30  SCV x2  
  97  11:36  Widow Mine x2  
  97  11:38  SCV  
  102  11:42  Widow Mine  
  104  11:50  SCV  
  105  11:57  Widow Mine x2  
  109  12:02  Thor  
  109  12:19  Widow Mine x2  
  111  12:35  SCV  
  111  12:36  SCV  
  111  12:37  SCV, Marine  
  114  12:38  Marine x2  
  117  12:45  Thor  
  117  12:47  SCV  
  117  12:48  SCV  
  117  12:49  SCV  
  118  12:51  Command Center  
  118  12:55  Marine  
  118  12:56  Marine x2  
  120  12:59  SCV  
  120  13:01  SCV x2  
  123  13:10  Liberator x2, Missile Turret  
  123  13:11  SCV  
  130  13:13  Marine  
  130  13:14  Sensor Tower  
  131  13:26  Sensor Tower  
  129  13:29  Widow Mine x2  
  131  13:38  Marine x3  
  132  13:53  Liberator  
  132  13:55  Widow Mine, Liberator  
  133  13:56  Widow Mine  
  124  14:17  Widow Mine  
  126  14:18  Widow Mine  
Show
View Real Time Build Order
Export as new Build Order

Leczez Zerg - Winner!

Build Orders: Hatch First, Swarm Host 

Get SALT Encoding   

  12  0:01  Drone  
  13  0:12  Overlord  
  13  0:19  Drone  
  14  0:31  Drone x2  
  16  0:39  Drone  
  17  0:48  Drone  
  18  0:58  Hatchery  
  18  1:03  Drone  
  18  1:05  Extractor  
  17  1:17  Spawning Pool  
  17  1:18  Drone  
  17  1:22  Drone  
  18  1:29  Drone  
  19  1:48  Overlord  
  19  1:56  Drone  
  20  2:09  Queen  
  20  2:11  Queen  
  20  2:13  Zergling x2  
  20  2:14  Zergling x4  
  26  2:55  Queen x2  
  30  2:58  Metabolic Boost  
  30  3:02  Drone x2  
  32  3:06  Overlord  
  32  3:07  Overlord  
  32  3:25  Overlord  
  32  3:27  Drone x7  
  39  3:45  Drone x4, Baneling Nest  
  42  3:59  Lair  
  42  4:10  Evolution Chamber  
  41  4:36  Zerg Melee Weapons Level 1  
  41  4:37  Drone x10  
  51  4:46  Overlord x3  
  51  4:49  Extractor  
  50  4:59  Drone  
  51  5:00  Extractor  
  51  5:01  Drone  
  51  5:03  Queen, Overlord x2  
  53  5:08  Drone  
  53  5:10  Drone  
  55  5:24  Centrifical Hooks  
  55  5:41  Zergling x22  
  66  5:45  Queen  
  68  5:50  Hatchery  
  68  5:57  Hatchery  
  66  6:22  Baneling x7  
  66  6:25  Queen  
  66  6:30  Zerg Ground Armor Level 1  
  68  6:40  Overlord x2  
  68  6:41  Zergling x2  
  68  6:42  Zergling x24  
  81  6:59  Infestation Pit  
  80  7:13  Overseer  
  80  7:23  Drone  
  80  7:25  Drone x5  
  80  7:26  Drone x8  
  94  7:38  Hive  
  94  7:46  Drone x6  
  94  7:47  Overlord x3  
  94  7:50  Zergling x4  
  102  7:59  Baneling x4  
  102  8:00  Baneling x3  
  102  8:03  Hatchery  
  101  8:11  Extractor  
  100  8:20  Extractor  
  100  8:22  Extractor  
  100  8:23  Drone x2, Spine Crawler, Zerg Melee Weapons Level 2  
  100  8:24  Drone  
  100  8:25  Drone x3  
  103  8:27  Zergling x2  
  103  8:28  Zergling x20  
  103  8:31  Baneling x2  
  103  8:32  Baneling x12  
  103  8:33  Baneling x2, Overlord  
  103  8:34  Overlord x2  
  114  9:08  Overseer  
  114  9:13  Zergling x28  
  114  9:14  Zergling x10  
  94  9:33  Zergling x2  
  94  9:34  Zergling x24  
  107  9:42  Swarm Host  
  107  9:43  Swarm Host x3  
  119  9:51  Burrow  
  119  9:59  Swarm Host x5  
  134  10:11  Drone x2  
  134  10:12  Drone x13  
  149  10:16  Nydus Network  
  149  10:21  Drone  
  149  10:26  Swarm Host x3  
  158  10:35  Overlord x2  
  158  10:36  Overlord x2  
  158  10:39  Zerg Ground Armor Level 2  
  158  10:47  Hatchery  
  157  10:52  Drone x7  
  157  10:55  Extractor  
  157  10:56  Extractor  
  162  10:57  Spine Crawler, Baneling  
  162  10:58  Swarm Host  
  162  10:59  Swarm Host x5  
  179  11:12  Nydus Canal  
  179  11:21  Drone x3  
  182  11:40  Nydus Canal  
  182  11:49  Overlord x2  
  182  11:50  Zergling x2  
  182  11:51  Zergling x30  
  198  12:33  Drone x2  
  200  13:12  Baneling x4  
  199  13:13  Baneling x8  
  163  13:59  Spire  
  162  14:03  Hydralisk Den  
  162  14:06  Zergling x28  
  162  14:07  Zergling x8  
  179  14:10  Baneling x8  
Show
View Real Time Build Order
Export as new Build Order

Dannie Zerg - Winner!

Build Orders: Hatch First, Muta Ling Bane 

Get SALT Encoding   

  12  0:01  Drone  
  13  0:13  Overlord  
  13  0:18  Drone  
  14  0:31  Drone x2  
  16  0:36  Drone  
  17  0:52  Hatchery  
  17  0:56  Drone  
  17  0:58  Drone  
  18  1:05  Extractor  
  17  1:15  Spawning Pool  
  16  1:18  Drone  
  16  1:20  Drone  
  18  1:29  Drone  
  19  2:02  Queen  
  19  2:04  Queen  
  19  2:05  Zergling x6  
  19  2:07  Drone  
  27  2:21  Drone  
  28  2:24  Overlord  
  28  2:37  Metabolic Boost  
  28  2:50  Drone  
  28  2:51  Drone x5  
  34  2:55  Lair  
  34  3:00  Queen  
  34  3:04  Overlord  
  34  3:05  Overlord  
  36  3:23  Drone x2  
  36  3:24  Drone, Extractor  
  38  3:29  Evolution Chamber  
  38  3:30  Evolution Chamber  
  38  3:31  Drone  
  38  3:34  Drone x3  
  39  3:37  Queen  
  42  3:44  Drone  
  42  3:45  Drone x3  
  42  3:47  Extractor  
  45  3:52  Drone x3  
  48  3:56  Drone x2  
  50  4:17  Spire  
  50  4:18  Drone x3  
  50  4:20  Overlord x3  
  50  4:23  Extractor  
  51  4:35  Zerg Melee Weapons Level 1  
  51  4:38  Drone  
  52  4:39  Drone x3  
  52  4:43  Drone, Overlord  
  52  4:44  Overlord  
  56  4:54  Drone  
  56  4:55  Baneling Nest  
  56  4:57  Queen  
  57  5:10  Zerg Ground Armor Level 1  
  57  5:12  Overlord  
  57  5:13  Overlord x3  
  57  5:20  Drone  
  58  5:24  Hatchery  
  57  5:37  Mutalisk x5  
  57  5:38  Mutalisk  
  57  5:42  Mutalisk  
  71  5:46  Drone x2  
  71  5:47  Drone  
  74  6:05  Drone  
  74  6:06  Drone x8  
  83  6:14  Zergling x2  
  83  6:17  Centrifical Hooks  
  84  6:22  Drone  
  85  6:36  Mutalisk  
  85  6:37  Mutalisk x3  
  85  6:39  Overlord x2  
  93  6:40  Overlord  
  93  6:43  Zergling x2  
  93  6:44  Zergling x2  
  95  7:00  Overlord x2  
  95  7:03  Extractor  
  95  7:04  Extractor, Drone  
  95  7:05  Drone x3  
  95  7:06  Drone, Queen  
  100  7:10  Zerg Ground Armor Level 2, Zerg Melee Weapons Level 2  
  100  7:16  Hatchery  
  99  7:23  Hatchery  
  99  7:24  Drone x3  
  101  7:40  Zergling x2  
  101  7:41  Zergling x18  
  111  7:51  Infestation Pit  
  110  8:05  Mutalisk  
  104  8:06  Mutalisk x6  
  104  8:10  Zergling x2  
  104  8:11  Zergling x6  
  122  8:13  Baneling  
  122  8:14  Baneling x5  
  122  8:33  Hive  
  122  8:41  Baneling x3  
  122  8:42  Baneling x9  
  122  8:43  Baneling, Zergling x2  
  122  8:44  Zergling x26  
  136  8:54  Hatchery  
  118  9:05  Extractor  
  118  9:09  Extractor  
  114  9:12  Zergling x2  
  114  9:13  Zergling x30  
  130  9:24  Baneling x11  
  130  9:25  Baneling x4  
  130  9:26  Baneling x10  
  130  9:27  Zergling x12  
  136  9:46  Zerg Melee Weapons Level 3  
  136  9:48  Drone x10  
  134  10:02  Mutalisk  
  134  10:03  Mutalisk x3  
  130  10:14  Zergling x2  
  130  10:15  Zergling x22  
  130  10:20  Baneling x13  
  130  10:21  Baneling x2  
  142  10:37  Drone  
  142  10:38  Drone x3  
  142  10:39  Drone x2  
  113  11:07  Zergling x2  
  113  11:08  Zergling x44  
  113  11:09  Zergling x4  
  125  11:13  Ultralisk Cavern  
  125  11:14  Adrenal Glands  
  125  11:15  Zerg Ground Armor Level 3  
  124  11:29  Baneling x2  
  124  11:30  Baneling x19  
  124  11:31  Baneling  
  124  11:46  Drone x2  
  124  11:47  Drone, Queen  
  127  11:49  Overlord x3  
  127  11:54  Greater Spire  
  129  11:55  Corruptor x4  
  137  12:15  Chitinous Plating  
  137  12:17  Ultralisk  
  137  12:21  Ultralisk  
  149  12:25  Overseer  
  149  12:28  Ultralisk x5  
  149  12:29  Ultralisk  
  162  12:56  Zergling x12  
  162  12:57  Zergling x28  
  168  13:12  Zergling x24  
  180  13:17  Overseer x2  
  180  13:18  Hatchery, Extractor, Overseer x2  
  178  13:22  Extractor  
  172  13:34  Anabolic Synthesis  
  170  13:43  Brood Lord x3  
  170  13:44  Drone, Corruptor x5  
  170  13:47  Overlord  
  170  13:48  Overlord x2  
  171  14:06  Zergling x2  
  171  14:07  Zergling x32  
  171  14:08  Zergling x2  
  189  14:14  Baneling x10  
  189  14:15  Baneling x2  
  189  14:16  Baneling  
  189  14:17  Baneling x2  
Tags
 
Add a new tag
Caveats
  • Supply blocks, unpowered buildings, or Contaminate may cause inaccurate times.
  • Supply counts are checked every 10 seconds.